 Dungeon Sprint DCSS version 0.18.1-48-g4cf74bf (webtiles) character file.

140 IcyTea the Basher (level 5, -1/32 HPs)
             Began as a Gargoyle Fighter on Sept 3, 2016.
             Was an Initiate of Okawaru.
             Killed from afar by an oklob sapling wizard (4 damage)
             ... with a splash of acid
             ... in the Dungeon (Sprint IV: "Fedhas' Mad Dash").
             The game lasted 00:02:45 (575 turns).

IcyTea the Basher (Gargoyle Fighter)                 Turns: 575, Time: 00:02:45

Health: -1/32      AC: 10    Str: 20    XL:     5   Next: 22%
Magic:  5/5        EV:  7    Int:  8    God:    Okawaru [......]
Gold:   68         SH:  9    Dex: 10    Spells: 0 memorised, 4 levels left

rFire  . . .     SeeInvis .     a - +0 flail
rCold  . . .     Gourm    .     b - +0 scale mail
rNeg   + . .     Faith    .     c - +0 shield
rPois  ∞         Spirit   .     (no helmet)
rElec  +         Dismiss  .     m - +2 cloak {+Inv}
rCorr  .         Reflect  .     (no gloves)
SustAt .         Harm     .     (no boots)
MR     .....     NoTele   +     (no amulet)
Stlth  ..........               (no ring)
                                (no ring)

@: corroded, not resistant to hostile enchantments, extremely unstealthy
A: negative energy resistance 1, electricity resistance, unbreathing,
petrification resistance, rot immunity, AC +4
a: Renounce Religion, Evoke Invisibility


You were in the Dungeon.
You worshipped Okawaru.
Okawaru was noncommittal.
You were not hungry.

You visited 1 branch You collected 68 gold pieces.

Inventory:

Hand Weapons
 a - a +0 flail (weapon)
Armour
 b - a +0 scale mail (worn)
 c - a +0 shield (worn)
 m - a +2 cloak of invisibility (worn)
Scrolls
 k - a scroll of blinking
 l - a scroll of magic mapping {unknown}
Potions
 d - a potion of might
 e - a potion of curing
 g - a potion of heal wounds
 h - a potion of haste
 i - 2 potions of magic
 j - a potion of berserk rage
Comestibles
 f - a bread ration


   Skills:
 - Level 3.2 Fighting
 + Level 10.2 Maces & Flails
 - Level 3.2 Armour
 - Level 3.2 Shields


You had 4 spell levels left.
You didn't know any spells.

Dungeon Overview and Level Annotations

Branches:
Dungeon (1/1)

Altars:
Cheibriados
Dithmenos
Elyvilon
Gozag
Kikubaaqudgha
Makhleb
Nemelex Xobeh
Okawaru
Pakellas
Qazlal
Ru
Sif Muna
Trog
Vehumet
Xom
Yredelemnul
Zin
The Shining One
Beogh
Jiyva
Lugonu

Annotations:
D exclusion: oklob sapling


Innate Abilities, Weirdness & Mutations

You are resistant to torment.
Your stone body is resilient (AC +4).
You are immune to poison.
You resist negative energy.
You are resistant to electric shocks.
You can survive without breathing.
You are immune to petrification.
You are immune to rotting.


Message History

Press: ? - help, v - describe, . - travel
Here: an oklob sapling wizard The floor.
There is an open door here.
You completely miss the oklob sapling wizard.
The oklob sapling wizard stares at you and mumbles some strange words.
The magic dart hits you!
You hit the oklob sapling wizard but do no damage.
You sock the oklob sapling wizard!
The oklob sapling wizard is severely damaged.
You hit the oklob sapling wizard but do no damage.
The oklob sapling wizard is severely damaged.
The oklob sapling wizard spits acid at you.
The splash of acid hits you! The acid corrodes you!
The acid burns!
* * * LOW HITPOINT WARNING * * *
You hit the oklob sapling wizard.
The oklob sapling wizard is almost destroyed.
The oklob sapling wizard spits acid at you.
The splash of acid hits you!
You die...

###################
.#.⌠...._....⌠.#.=+
.'._._._._._._.'@P#
.#_._._._._._._#..#
##._._._._._._.#.(#
.#.⌠...._....⌠.####
.############### ##


You could see an oklob sapling wizard.

Vanquished Creatures
  3 oklob saplings (D)
  A worker ant (D)
  A river rat (D)
  A rat (D)
6 creatures vanquished.

Notes
Turn   | Place    | Note
--------------------------------------------------------------
     0 | D        | IcyTea the Gargoyle Fighter began the quest for the Orb.
     0 | D        | Reached XP level 1. HP: 14/14 MP: 1/1
    20 | D        | Reached skill level 4 in Maces & Flails
    20 | D        | Reached XP level 2. HP: 6/19 MP: 2/2
   227 | D        | Noticed an oklob sapling
   231 | D        | Killed an oklob sapling
   231 | D        | Reached skill level 6 in Maces & Flails
   231 | D        | Reached XP level 3. HP: 23/23 MP: 3/3
   235 | D        | Reached skill level 7 in Maces & Flails
   235 | D        | Reached XP level 4. HP: 28/28 MP: 4/4
   270 | D        | Reached skill level 8 in Maces & Flails
   282 | D        | Noticed a queen bee
   292 | D        | Found a snail-covered altar of Cheibriados.
   292 | D        | Found a glowing silver altar of Zin.
   292 | D        | Found a white marble altar of Elyvilon.
   292 | D        | Found a viscous altar of Jiyva.
   292 | D        | Found a radiant altar of Vehumet.
   292 | D        | Found a deep blue altar of Sif Muna.
   292 | D        | Found an ancient bone altar of Kikubaaqudgha.
   292 | D        | Found a bloodstained altar of Trog.
   292 | D        | Found a corrupted altar of Lugonu.
   292 | D        | Noticed an oklob sapling priest
   298 | D        | Found a burning altar of Makhleb.
   298 | D        | Found an oddly glowing altar of Pakellas.
   298 | D        | Found a sacrificial altar of Ru.
   299 | D        | Found a glowing golden altar of the Shining One.
   299 | D        | Found a sparkling altar of Nemelex Xobeh.
   300 | D        | Found a shadowy altar of Dithmenos.
   301 | D        | Found an iron altar of Okawaru.
   301 | D        | Found a shimmering altar of Xom.
   302 | D        | Found an opulent altar of Gozag.
   303 | D        | Found a basalt altar of Yredelemnul.
   303 | D        | Found a roughly hewn altar of Beogh.
   311 | D        | Killed an oklob sapling priest
   311 | D        | Reached skill level 10 in Maces & Flails
   311 | D        | Reached XP level 5. HP: 5/32 MP: 3/5
   312 | D        | Found a stormy altar of Qazlal.
   564 | D        | Became a worshipper of Warmaster Okawaru
   575 | D        | Killed from afar by an oklob sapling wizard

Skill      XL: |  1  2  3  4 |
---------------+-------------+-----
Maces & Flails | 4 6 7 10 | 10.2
Fighting       | |  3.2
Armour         | |  3.2
Shields        | |  3.2

Action                   |  1- 3 |  4- 6 || total
-------------------------+-------+-------++-------
Melee: Flail             |    19 |    17 ||    36
 Abil: Evoke Invisibilit |       |     2 ||     2
Armor: Scale mail        |     5 |     2 ||     7
Dodge: Dodged            |     3 |     1 ||     4
Block: Shield            |     8 |       ||     8
